Map: Backwater LE

Players

Solar

  • Race: Zerg Zerg
  • Spawn Location: 5:00

Maru - Winner!

  • Race: Terran Terran
  • Spawn Location: 11:00

Event: IEM Season 12 - Katowice

VOD

Have the link to the VOD?

Description

Time

  • Played on: March 3, 2018, 4:47 p.m.
  • Length: 23:11

All games in this series

Show
View Real Time Build Order
Export as new Build Order

Solar Zerg 

Build Orders: Hatch First, Brood Lord Corruptor 

Get SALT Encoding   

  12  0:01  Drone  
  13  0:12  Overlord  
  13  0:16  Drone  
  14  0:30  Drone x2  
  14  0:34  Drone  
  17  0:52  Hatchery  
  17  0:54  Drone  
  17  0:58  Drone  
  17  1:03  Extractor  
  17  1:13  Spawning Pool  
  17  1:16  Drone  
  17  1:20  Drone  
  18  1:28  Drone  
  19  1:38  Drone  
  20  1:50  Overlord  
  20  2:00  Queen  
  22  2:04  Queen  
  22  2:05  Zergling x4  
  22  2:06  Metabolic Boost  
  26  2:13  Drone  
  26  2:14  Drone  
  28  2:30  Hatchery  
  28  2:33  Drone  
  28  2:36  Drone  
  29  2:39  Drone  
  29  2:41  Drone  
  30  2:48  Queen  
  32  2:53  Overlord  
  32  2:56  Drone  
  33  2:59  Drone  
  33  3:00  Drone  
  35  3:12  Drone x4  
  39  3:13  Drone  
  39  3:19  Overlord  
  40  3:20  Drone  
  41  3:31  Drone  
  41  3:33  Zergling x2  
  43  3:42  Zergling x4  
  43  3:44  Queen  
  43  3:45  Queen  
  43  3:46  Drone x3  
  43  3:48  Overlord  
  52  3:52  Lair  
  52  3:53  Drone  
  52  3:55  Drone  
  54  3:57  Overlord  
  54  4:01  Overlord  
  54  4:04  Overlord  
  54  4:07  Drone x2  
  56  4:11  Drone  
  56  4:15  Roach Warren  
  56  4:18  Drone x2  
  56  4:19  Zergling x4  
  56  4:23  Drone  
  61  4:27  Extractor x2  
  61  4:28  Drone x2  
  61  4:30  Overlord  
  61  4:32  Drone x2  
  61  4:36  Zergling x2  
  61  4:37  Drone x2  
  66  4:43  Drone x2  
  67  4:45  Spore Crawler  
  67  4:47  Spore Crawler, Drone x2  
  67  4:49  Spore Crawler  
  67  4:51  Overseer  
  66  4:55  Drone  
  66  4:57  Drone x4  
  66  4:58  Extractor  
  66  4:59  Drone, Extractor  
  70  5:00  Drone  
  70  5:06  Glial Reconstitution  
  70  5:13  Drone x2  
  71  5:14  Spire  
  71  5:15  Drone, Extractor  
  71  5:16  Drone x2  
  71  5:18  Roach  
  71  5:20  Overlord  
  74  5:22  Drone  
  74  5:25  Roach x2  
  74  5:28  Overlord  
  79  5:31  Drone x3  
  79  5:32  Drone  
  79  5:34  Roach  
  85  5:37  Roach  
  85  5:38  Roach  
  89  5:45  Overlord  
  89  5:46  Overlord  
  89  5:50  Overlord  
  89  5:52  Drone x4  
  89  5:55  Overlord  
  92  6:03  Overlord  
  92  6:07  Hatchery  
  91  6:16  Drone, Spore Crawler  
  91  6:21  Overseer  
  91  6:26  Mutalisk x8  
  91  6:30  Mutalisk  
  109  6:36  Mutalisk  
  109  6:39  Drone x2  
  112  6:41  Drone x4  
  112  6:42  Evolution Chamber  
  112  6:43  Evolution Chamber  
  112  6:44  Drone x2, Infestation Pit  
  112  6:46  Drone x2  
  117  6:48  Drone  
  117  6:51  Extractor  
  117  6:55  Extractor  
  117  7:00  Drone x4  
  116  7:05  Overlord  
  116  7:08  Drone  
  117  7:09  Zerg Missile Weapons Level 1  
  117  7:10  Hydralisk Den  
  117  7:12  Hatchery, Zerg Ground Armor Level 1  
  117  7:14  Roach  
  117  7:16  Drone  
  117  7:17  Drone  
  117  7:18  Roach  
  121  7:24  Roach x3  
  121  7:28  Hive  
  125  7:34  Drone x3  
  125  7:35  Drone x4  
  132  7:37  Zerg Flyer Weapons Level 1  
  132  7:38  Drone  
  132  7:40  Drone x2  
  132  7:42  Drone  
  136  7:46  Overlord  
  136  7:48  Grooved Spines  
  136  7:50  Roach x3  
  142  7:57  Drone x3  
  145  8:01  Hatchery  
  145  8:02  Overlord  
  145  8:03  Hydralisk  
  146  8:08  Hydralisk x2  
  150  8:15  Overlord  
  150  8:16  Overlord  
  150  8:20  Hydralisk x3  
  150  8:23  Queen  
  158  8:30  Spore Crawler  
  158  8:32  Spine Crawler  
  158  8:33  Spine Crawler  
  155  8:34  Hydralisk  
  155  8:35  Spine Crawler  
  155  8:36  Hydralisk  
  155  8:38  Hydralisk x2  
  155  8:41  Viper  
  162  8:43  Viper  
  162  8:44  Extractor  
  162  8:45  Extractor  
  162  8:46  Viper  
  169  8:51  Hydralisk  
  169  8:52  Hydralisk x3  
  177  8:57  Drone x3  
  177  8:58  Drone x3  
  177  9:02  Overlord  
  183  9:03  Evolution Chamber  
  182  9:10  Hydralisk x2  
  182  9:11  Hydralisk  
  186  9:18  Drone x9  
  186  9:22  Drone  
  196  9:32  Greater Spire  
  196  9:33  Hydralisk x2  
  196  9:35  Zerg Ground Armor Level 2, Zerg Missile Weapons Level 2  
  196  9:38  Pneumatized Carapace  
  193  9:42  Overseer  
  192  9:47  Drone  
  192  9:51  Spore Crawler  
  192  9:54  Spore Crawler  
  192  9:56  Hatchery  
  188  10:01  Hydralisk  
  188  10:02  Hydralisk x4  
  196  10:14  Spine Crawler  
  195  10:37  Muscular Augments  
  195  10:39  Hatchery  
  192  10:49  Roach x4  
  200  10:59  Zerg Flyer Armor Level 1  
  200  11:01  Overseer x3  
  193  11:13  Hydralisk  
  193  11:14  Hydralisk x4  
  195  11:23  Overlord  
  195  11:25  Overlord  
  187  11:27  Overlord  
  187  11:30  Overlord  
  173  11:40  Hydralisk x10  
  173  11:42  Overlord  
  173  11:43  Corruptor  
  173  11:44  Corruptor x8  
  196  11:51  Spore Crawler  
  196  11:52  Corruptor x3  
  196  11:53  Spore Crawler  
  190  12:07  Corruptor x3  
  184  12:08  Drone x5  
  185  12:20  Spore Crawler  
  185  12:22  Spore Crawler x3  
  172  12:24  Spore Crawler  
  172  12:25  Spore Crawler  
  169  12:34  Brood Lord x5  
  179  12:38  Corruptor, Brood Lord  
  179  12:39  Corruptor x3  
  189  12:51  Corruptor x2  
  189  12:52  Corruptor  
  195  13:03  Corruptor x2  
  199  13:07  Zerg Melee Weapons Level 1  
  199  13:19  Spine Crawler  
  198  13:20  Spore Crawler, Drone, Extractor  
  198  13:21  Drone, Spine Crawler  
  198  13:22  Spine Crawler  
  198  13:23  Spore Crawler  
  192  13:47  Viper x2  
  192  13:48  Viper x2  
  178  13:56  Corruptor  
  178  13:57  Corruptor x5  
  190  14:03  Spore Crawler  
  190  14:04  Spore Crawler x2, Hatchery  
  190  14:05  Spore Crawler  
  190  14:07  Drone  
  190  14:08  Drone x2, Spine Crawler  
  188  14:10  Spine Crawler  
  188  14:11  Brood Lord  
  188  14:38  Zerg Missile Weapons Level 3, Hatchery, Corruptor x7  
  197  14:59  Extractor  
  196  15:02  Corruptor x2  
  196  15:03  Zerg Flyer Weapons Level 2, Extractor  
  198  15:14  Overseer  
  198  15:22  Corruptor  
  199  15:34  Drone  
  198  15:49  Spore Crawler  
  197  15:52  Spore Crawler  
  197  15:54  Drone x2  
  197  15:56  Drone x2  
  200  16:05  Spore Crawler  
  200  16:06  Spore Crawler x2  
  200  16:07  Drone x2, Spore Crawler  
  200  16:08  Drone  
  187  16:19  Brood Lord  
  187  16:20  Brood Lord x4  
  187  16:22  Corruptor  
  187  16:23  Drone  
  200  16:29  Spore Crawler  
  200  16:30  Spine Crawler x2  
  197  16:35  Viper  
  200  17:10  Hatchery  
  200  17:14  Drone, Spire  
  200  17:15  Drone  
  200  17:19  Zerg Flyer Armor Level 2  
  200  17:23  Hatchery  
  194  17:43  Corruptor x8  
  197  17:50  Infestor x3  
  197  17:51  Infestor  
  200  18:10  Brood Lord x2  
  200  18:11  Brood Lord x2  
  195  18:14  Brood Lord  
  195  18:15  Brood Lord  
  199  18:25  Drone  
  199  18:26  Spore Crawler  
  199  18:27  Spine Crawler  
  199  18:29  Spore Crawler x2  
  196  18:41  Overseer  
  196  18:42  Overseer x2  
  196  18:43  Overseer  
  196  18:44  Zerg Flyer Weapons Level 3  
  196  18:48  Corruptor x2  
  200  19:28  Hatchery  
  199  19:43  Drone x5  
  174  19:56  Corruptor x7  
  174  19:57  Corruptor  
  185  20:10  Infestor x2  
  185  20:11  Infestor x3  
  185  20:13  Neural Parasite  
  195  20:14  Zerg Melee Weapons Level 2  
  195  20:16  Zerg Ground Armor Level 3  
  195  20:17  Extractor  
  195  20:18  Hatchery  
  193  20:22  Extractor  
  178  20:32  Corruptor  
  178  20:42  Infestor x4  
  176  20:43  Infestor  
  186  20:51  Brood Lord  
  188  21:02  Brood Lord  
  190  21:15  Brood Lord  
  192  21:18  Drone x2  
  192  21:19  Drone x2  
  196  21:29  Hydralisk x2  
  196  21:32  Pathogen Glands  
  185  21:47  Extractor  
  185  21:52  Hydralisk x2  
  184  21:57  Hydralisk x4  
  184  21:59  Hydralisk x3  
  184  22:00  Hydralisk  
  184  22:01  Hydralisk x2  
  176  22:08  Overlord x2  
  176  22:13  Hydralisk x4  
  174  22:18  Hydralisk  
  174  22:20  Hydralisk  
  174  22:22  Zergling x8  
  160  22:23  Queen, Zergling x2  
  160  22:24  Queen x2  
  160  22:25  Hydralisk  
  160  22:29  Drone x3  
  170  22:30  Drone x3  
  170  22:33  Hydralisk  
  170  22:34  Hydralisk  
  161  22:43  Hydralisk  
  159  22:46  Hydralisk  
  139  22:54  Zergling x2  
Show
View Real Time Build Order
Export as new Build Order

Maru Terran - Winner!

Build Orders: Reaper Expand, Hellion Banshee, Mech 

Get SALT Encoding   

  12  0:00  SCV  
  13  0:12  SCV  
  14  0:17  Supply Depot  
  14  0:25  SCV  
  15  0:39  SCV  
  15  0:40  Barracks  
  16  0:43  Refinery  
  16  0:51  SCV  
  17  1:03  SCV  
  18  1:15  SCV  
  19  1:27  Reaper, Orbital Command  
  20  1:39  Command Center  
  20  1:48  Supply Depot  
  20  1:53  SCV  
  21  1:59  Marine  
  22  2:04  Factory  
  22  2:06  SCV  
  23  2:10  Refinery  
  23  2:18  SCV  
  23  2:21  Barracks Reactor  
  24  2:30  SCV  
  25  2:42  SCV  
  26  2:48  Starport  
  26  2:50  Orbital Command  
  26  2:54  SCV  
  27  3:01  Hellion x2  
  27  3:03  Barracks Tech Lab  
  31  3:09  SCV  
  32  3:12  Supply Depot  
  32  3:17  SCV  
  33  3:21  SCV  
  33  3:24  Hellion x2  
  38  3:30  Viking  
  38  3:31  SCV  
  38  3:33  SCV  
  42  3:40  Barracks Tech Lab  
  42  3:43  SCV  
  42  3:45  SCV, Hellion x2  
  42  3:48  Supply Depot  
  49  3:55  SCV  
  49  4:00  Banshee  
  49  4:01  Cloaking Field  
  52  4:03  SCV  
  52  4:07  SCV  
  54  4:15  Command Center  
  54  4:20  SCV x2  
  54  4:24  Refinery x2  
  56  4:32  SCV x2  
  56  4:33  Supply Depot  
  58  4:43  Banshee  
  58  4:44  SCV  
  58  4:45  Factory  
  62  4:47  Factory  
  62  4:54  SCV  
  62  4:56  SCV  
  62  4:58  Supply Depot  
  64  5:00  Armory  
  64  5:07  SCV  
  65  5:08  SCV  
  66  5:18  Armory  
  66  5:19  Supply Depot, SCV  
  66  5:20  SCV  
  66  5:28  Refinery  
  65  5:29  Siege Tank  
  65  5:30  Refinery  
  65  5:31  SCV  
  65  5:32  SCV  
  65  5:35  Orbital Command  
  70  5:37  Starport Tech Lab  
  70  5:39  Supply Depot  
  70  5:44  Siege Tank  
  70  5:46  SCV  
  74  5:58  SCV x2  
  74  6:01  Thor  
  74  6:02  SCV  
  83  6:10  SCV  
  85  6:11  SCV  
  85  6:14  SCV  
  85  6:16  Engineering Bay, Thor  
  92  6:21  Terran Vehicle And Ship Armor Level 1, Terran Vehicle Weapons Level 1  
  92  6:23  SCV  
  93  6:26  Banshee  
  93  6:31  SCV  
  97  6:34  SCV  
  97  6:37  Engineering Bay  
  97  6:39  SCV  
  99  6:42  Command Center  
  99  6:44  Hellion x2  
  103  6:50  SCV  
  103  6:53  Thor  
  101  6:55  SCV  
  101  7:00  Missile Turret  
  101  7:01  Missile Turret  
  98  7:02  Missile Turret  
  98  7:03  Hyperflight Rotors  
  98  7:07  SCV  
  98  7:08  SCV x2  
  101  7:18  Starport  
  101  7:20  SCV x3  
  101  7:21  Starport  
  101  7:29  Banshee  
  104  7:30  Barracks Reactor  
  104  7:32  SCV x2, Siege Tank  
  104  7:35  Supply Depot  
  109  7:43  Supply Depot  
  109  7:45  Supply Depot  
  109  7:49  SCV, Siege Tank, Hellion x2  
  117  7:53  Orbital Command  
  117  7:59  Starport Tech Lab  
  117  8:04  Siege Tank  
  119  8:06  SCV  
  119  8:10  SCV  
  119  8:12  Viking x2, Banshee  
  126  8:14  Supply Depot  
  126  8:16  SCV, Orbital Command  
  126  8:18  Terran Ship Weapons Level 1, SCV  
  128  8:20  Terran Vehicle Weapons Level 2  
  128  8:22  Siege Tank  
  128  8:23  Banshee  
  128  8:25  SCV  
  135  8:28  SCV  
  136  8:40  Missile Turret  
  136  8:41  SCV  
  137  8:42  Missile Turret  
  137  8:44  Refinery  
  137  8:46  Viking x2  
  140  8:49  SCV x2, Refinery  
  140  8:53  SCV, Refinery  
  143  8:55  Supply Depot  
  143  8:59  SCV  
  143  9:01  SCV x2  
  146  9:04  Sensor Tower  
  146  9:05  Command Center  
  146  9:14  Corvid Reactor  
  146  9:15  Raven  
  146  9:16  Raven  
  150  9:22  SCV x3  
  150  9:23  Command Center  
  153  9:31  Supply Depot, Command Center  
  153  9:38  Starport  
  153  9:39  Starport  
  150  9:56  Viking  
  150  9:57  Viking  
  157  10:01  SCV x4  
  157  10:03  Supply Depot  
  161  10:07  Starport  
  161  10:08  Missile Turret  
  161  10:09  Raven  
  161  10:10  Raven  
  161  10:13  SCV  
  160  10:16  Siege Tank x2  
  160  10:17  Hellion x2  
  160  10:18  Starport Reactor, Starport Tech Lab  
  170  10:24  Command Center  
  170  10:28  Hellion x4  
  170  10:29  Command Center  
  170  10:31  Viking x2  
  174  10:54  Raven x2  
  178  11:02  Planetary Fortress  
  177  11:13  Refinery  
  177  11:14  Refinery  
  177  11:16  Missile Turret  
  177  11:18  Missile Turret  
  169  11:27  Viking x3  
  169  11:29  Fusion Core, Starport Tech Lab  
  169  11:30  SCV, Siege Tank  
  169  11:32  SCV x2  
  165  11:43  SCV  
  165  11:44  SCV, Orbital Command, Banshee x2  
  165  11:52  Banshee  
  165  11:53  Orbital Command  
  168  11:58  Raven  
  174  12:04  Armory x2  
  174  12:05  SCV  
  174  12:07  Refinery  
  169  12:09  Missile Turret  
  169  12:10  Refinery  
  169  12:11  Missile Turret x2, SCV  
  169  12:12  SCV, Orbital Command x2  
  169  12:13  Missile Turret  
  164  12:16  Viking x3  
  169  12:27  Sensor Tower  
  169  12:30  Sensor Tower  
  169  12:33  Orbital Command  
  169  12:34  Raven x2  
  173  12:41  Barracks Tech Lab  
  173  12:55  Barracks  
  173  12:56  SCV x2  
  173  12:57  Barracks  
  173  12:58  Barracks, Raven x2  
  175  12:59  Barracks  
  175  13:02  Missile Turret  
  175  13:03  Missile Turret  
  175  13:04  Missile Turret  
  179  13:11  Hellion x3  
  185  13:17  Raven  
  187  13:29  Raven  
  187  13:30  Terran Vehicle And Ship Armor Level 2, Terran Ship Weapons Level 2  
  187  13:32  Ghost Academy  
  188  13:35  Viking  
  188  13:36  Viking  
  188  13:41  Raven  
  184  13:51  Barracks Tech Lab x3  
  184  13:52  Barracks Tech Lab  
  174  13:59  Missile Turret, SCV x6  
  174  14:00  Missile Turret, Raven  
  174  14:01  Missile Turret x2  
  184  14:07  Personal Cloaking  
  184  14:09  Engineering Bay  
  182  14:11  Hellion x4  
  182  14:12  Terran Infantry Weapons Level 1  
  182  14:20  Raven  
  182  14:23  Ghost  
  182  14:24  Ghost x3  
  182  14:30  Missile Turret x2  
  190  14:32  Banshee x2  
  190  14:33  Missile Turret  
  190  14:35  Smart Servos  
  187  14:46  Ghost  
  187  14:52  Ghost  
  186  14:54  Terran Infantry Armor Level 1  
  188  15:00  Ghost x2  
  184  15:19  Ghost x2  
  184  15:21  Ghost  
  188  15:28  Command Center  
  190  15:32  Command Center  
  190  15:36  Banshee x3  
  199  15:47  Terran Vehicle And Ship Armor Level 3, Terran Ship Weapons Level 3  
  191  16:24  Ghost x3  
  197  16:39  Terran Infantry Weapons Level 2  
  190  16:54  Orbital Command x2  
  190  17:10  Terran Infantry Armor Level 2  
  190  17:13  Ghost x4  
  198  17:25  Banshee  
  198  17:26  Banshee  
  196  18:07  Ghost x2  
  200  18:16  Nuke  
  200  18:18  Ghost Academy  
  197  18:25  Ghost  
  199  18:29  Ghost Academy x2  
  199  18:42  Sensor Tower  
  199  18:49  Orbital Command  
  199  18:50  Nuke  
  199  18:52  Terran Vehicle Weapons Level 3  
  199  19:06  Nuke x2  
  199  19:12  Refinery  
  199  19:14  Missile Turret  
  199  19:16  Missile Turret x2  
  199  19:17  Sensor Tower, Missile Turret, Command Center, Refinery  
  199  19:18  Missile Turret, Command Center  
  199  19:28  Command Center  
  197  19:36  Building Armor, Hi-Sec Auto Tracking  
  197  19:37  Missile Turret x2  
  196  19:40  Liberator x6  
  196  19:41  Liberator x2  
  200  20:14  Command Center  
  199  20:15  Command Center  
  193  20:28  Ghost  
  193  20:29  Ghost  
  193  20:33  Terran Infantry Weapons Level 3  
  197  20:40  Banshee  
  200  20:42  Advanced Ballistics  
  198  20:58  Missile Turret  
  198  21:01  Missile Turret x2  
  198  21:02  Refinery  
  198  21:04  Command Center  
  198  21:08  Refinery  
  198  21:42  Ghost x2  
  200  22:01  Ghost x2  
  192  22:03  Liberator  
  192  22:04  Liberator x2  
  192  22:19  Raven  
  192  22:20  Raven x3  
  192  22:22  Ghost x2  
  195  22:23  Planetary Fortress  
  195  22:25  Orbital Command x2  

Tags
 
Add a new tag
Caveats
  • Supply blocks, unpowered buildings, or Contaminate may cause inaccurate times.
  • Supply counts are checked every 10 seconds.